 Dungeon Crawl Stone Soup version 0.24.0-1-gfbc8707122 (webtiles) character file.

Game seed: 11961066591388996144, levelgen mode: deterministic

8322 Froggeryz the Frost Mage (level 11, -10/99 HPs)
             Began as a Naga Ice Elementalist on Oct 25, 2019.
             Was an Elder of Cheibriados.
             Hit by a javelin thrown by a minotaur (30 damage)
             ... in a Gauntlet.
             The game lasted 00:28:00 (12753 turns).

Froggeryz the Frost Mage (Naga Ice Elementalist)   Turns: 12753, Time: 00:28:00

Health: -10/99     AC:  6    Str: 21    XL:     11   Next: 29%
Magic:  16/30      EV: 10    Int: 29    God:    Cheibriados [****..]
Gold:   131        SH:  6    Dex: 23    Spells: 11/23 levels left

rFire    . . .     SeeInvis +   J - +9 morningstar "Nacear" {flame, rC+ Dex+4}
rCold    + . .     Gourm    .   N - +0 buckler
rNeg     . . .     Faith    .   a - +0 robe
rPois    +         Spirit   .   (no helmet)
rElec    .         Reflect  .   x - +0 cloak
rCorr    .         Harm     .   q - +0 pair of gloves
MR       +....     NoTele   +   (no barding)
Stlth    +++.......             (no amulet)
HPRegen  0.26/turn              g - ring of magical power
MPRegen  0.22/turn              u - +3 ring of intelligence

@: lightly drained, very slow
A: large, fangs 1, see invisible, clumsy 1, deformed body, poison resistance,
robust 1, slowness 2, slow metabolism 1, spit poison 1, wild magic 1, MP-powered
wands, AC +3
a: Spit Poison, Bend Time, Temporal Distortion, Slouch, Renounce Religion


You were in a Gauntlet.
You worshipped Cheibriados.
Cheibriados was greatly pleased with you.
You were not hungry.

You visited 2 branches of the dungeon, and saw 11 of its levels.
You also visited: Gauntlet.

You collected 429 gold pieces.
You spent 298 gold pieces at shops.

Inventory:

Hand Weapons
 e - a +2 quarterstaff of protection
 y - a +2 hand axe of electrocution
 C - a +1 mace of holy wrath
 E - a +0 whip of electrocution
 J - the +9 morningstar "Nacear" (weapon) {flame, rC+ Dex+4}
   (You found it in a Gauntlet)

   It has been specially enchanted to burn those struck by it, causing extra
   injury to most foes and up to half again as much damage against particularly
   susceptible opponents.
   It affects your dexterity (+4).
   It protects you from cold.
Missiles
 L - 6 curare-tipped darts (quivered)
Armour
 a - a +0 robe (worn)
 o - a +2 ring mail of fire resistance
 q - a +0 pair of gloves (worn)
 x - a +0 cloak (worn)
 K - a +2 large shield
 N - a +0 buckler (worn)
Jewellery
 g - a ring of magical power (left hand)
 r - an uncursed ring of protection from magic
 u - a +3 ring of intelligence (right hand)
 D - an uncursed ring of protection from magic
 F - a +5 ring of evasion
Wands
 h - a wand of iceblast (7)
 i - a wand of digging (11)
 v - a wand of disintegration (3)
Scrolls
 b - 5 scrolls of immolation
 j - 4 scrolls of enchant weapon {unknown}
 k - 3 scrolls of magic mapping {unknown}
 l - 7 scrolls of identify
 p - 2 scrolls of teleportation
 s - 5 scrolls of fog
 t - 6 scrolls of remove curse {unknown}
 w - a scroll of random uselessness {unknown}
 A - 3 scrolls of enchant armour {unknown}
 G - a scroll of noise {unknown}
 H - a scroll of fear {unknown}
 M - a scroll of summoning {unknown}
Potions
 d - a potion of magic
 f - 2 potions of curing
 m - 2 potions of agility
 n - a potion of flight {unknown}
 z - a potion of might
 B - 4 potions of invisibility
 I - 2 potions of heal wounds {unknown}
Comestibles
 c - 11 rations


   Skills:
 - Level 3.0(2.9) Fighting
 - Level 7.0(6.9) Maces & Flails
 - Level 1.5(1.4) Dodging
 - Level 3.0(2.9) Stealth
 - Level 5.0(4.9) Shields
 + Level 6.6(6.5) Spellcasting
 - Level 1.0(0.9) Conjurations
 + Level 5.5(5.4) Summonings
 - Level 11.1(11.0) Ice Magic


You had 11 spell levels left.
You knew the following spells:

 Your Spells              Type           Power        Failure   Level  Hunger
a - Freeze                Ice            ####         1%          1    None
b - Ozocubu's Armour      Chrm/Ice       ######..     3%          3    None
c - Throw Icicle          Conj/Ice       ######..     8%          4    ##.....
d - Summon Ice Beast      Ice/Summ       ######..     3%          4    ##.....

Your spell library contained the following spells:

 Spells                   Type           Power        Failure   Level  Hunger
 Summon Small Mammal      Summ           ####         1%          1    None
 Call Imp                 Summ           ######..     1%          2    None
 Throw Frost              Conj/Ice       ######       1%          2    None
 Call Canine Familiar     Summ           ######..     3%          3    None
 Summon Guardian Golem    Hex/Summ       ####....     9%          3    None
 Summon Lightning Spire   Summ/Air       ####....     24%         4    ##.....


Dungeon Overview and Level Annotations

Branches:
Dungeon (10/15)            Temple (0/1) D:7            Lair (1/6) D:9
Gauntlet (1/1)
    Orc: D:9-12

Altars:
Cheibriados
Fedhas
Hepliaklqana
Makhleb
Okawaru
Sif Muna
Trog
Xom
Zin
The Shining One

Shops:
D:7 ?   D:9 ?

Annotations:
Gauntlet 7 transporters


Innate Abilities, Weirdness & Mutations

You cannot wear boots.
Your serpentine skin is tough. (AC +3)
You have supernaturally acute eyesight. (SInv)
Armour fits poorly on your strangely shaped body.
Your system is resistant to poisons. (rPois)
You cover ground very slowly.
You have a slow metabolism.
You can spit poison.
You have very sharp teeth.
You are clumsy. (Dex -2)
You are robust. (+10% HP)
Your spells are a little harder to cast, but a little more powerful.
You expend magic power (3 MP) to strengthen your wands.


Message History

Casting: Summon Ice Beast (safe; 3% risk of failure)
Confirm with . or Enter, or press ? or * to list all spells.
A chill wind blows around you.
Your ice beast hits the minotaur.
Your ice beast freezes the minotaur!!
The minotaur hits your ice beast with an uncursed staff of energy!!
Your ice beast dies!
The minotaur bellows!
Unknown command.
Casting: Summon Ice Beast (safe; 3% risk of failure)
Confirm with . or Enter, or press ? or * to list all spells.
A chill wind blows around you.
The minotaur throws a javelin.
The javelin completely misses you.
Your ice beast barely misses the minotaur.
Unknown command.
Unknown command.
Okay, then.
You swap places.
The minotaur throws a javelin.
The javelin pierces through your ice beast!!
The javelin pierces through you!!
You die...

#..#.#. #####..#.##
#≈8≈#..#..# #...#..#...
#.8.####..#
#############.....©#.##
#..........##.8.####.#.
#.########.##...#..#...
#.#Y.Y@..#.##.8.#..####
#.#H####.#.##...#≈.....
#.#...∩#.#....8.#∩.....
#.######.####...#≈.....
#........# #.8.#..####
########## #...#..#p5[
#.8.####5.# #.....©#5##
#.8.#####


You could see a minotaur and 2 friendly ice beasts.

Vanquished Creatures
  A queen ant (Gauntlet)
  A two-headed ogre (D:9)
  Pikel (D:5)
  Maurice (D:10)
  Joseph (D:9)
  2 spiny frogs (Lair:1)
  A troll (D:8)
  2 hippogriffs
  Sigmund (D:5)
  A hungry ghost (D:7)
  A steam dragon (D:7)
  2 vampire mosquitoes (D:10)
  3 soldier ants (Gauntlet)
  A porcupine (Lair:1)
  A sky beast (D:7)
  A black bear (D:9)
  3 orc warriors
  A necrophage (D:9)
  A phantom (D:9)
  3 centaurs
  4 ogres
  A crocodile (D:9)
  6 bullfrogs
  A wyvern skeleton (D:7)
  3 killer bees (D:9)
  3 scorpions
  2 crimson imps
  2 quasits
  A centaur zombie (D:8)
  2 bullfrog zombies
  A centaur skeleton (D:6)
  7 hounds
  3 jellies (D:9)
  An orc priest (D:9)
  10 orc wizards
  2 bullfrog skeletons
  An iguana (D:7)
  3 worker ants (D:8)
  A killer bee zombie (D:8)
  4 hound zombies
  5 hound skeletons
  A howler monkey skeleton (D:9)
  14 adders
  9 gnolls
  4 shadow imps
  2 oozes (D:2)
  3 adder zombies
  4 worms
  3 leopard geckos
  32 orcs
  5 ball pythons
  4 giant cockroaches
  7 goblins
  7 hobgoblins
  16 jackals
  5 kobolds
  5 quokkas
  7 bats
  8 frilled lizards
  4 rats
232 creatures vanquished.

Vanquished Creatures (collateral kills)
  A hellion (Gauntlet)
1 creature vanquished.

Vanquished Creatures (others)
  A wizard (D:3)
  A plant (Lair:1)
2 creatures vanquished.

Grand Total: 235 creatures vanquished

Notes
Turn   | Place    | Note
-------+----------+-------------------------------------------
     0 | D:1      | Froggeryz the Naga Ice Elementalist began the quest for the
                  | Orb.
     0 | D:1      | Reached XP level 1. HP: 15/15 MP: 3/3
   219 | D:1      | Reached XP level 2. HP: 4/22 MP: 1/5
   908 | D:2      | Reached XP level 3. HP: 23/28 MP: 4/6
  1185 | D:2      | Reached skill level 4 in Ice Magic
  1571 | D:2      | Reached XP level 4. HP: 28/36 MP: 2/8
  2459 | D:3      | Found a bloodstained altar of Trog.
  2460 | D:3      | Noticed a wizard
  2465 | D:3      | Killed a wizard
  2531 | D:3      | Reached XP level 5. HP: 42/42 MP: 9/9
  2739 | D:3      | Reached skill level 5 in Ice Magic
  3129 | D:4      | Found a hazy altar of Hepliaklqana.
  3130 | D:4      | Found a shimmering altar of Xom.
  3130 | D:4      | Noticed a torpor snail
  3131 | D:4      | Noticed a spectral ugly thing
  3131 | D:4      | Noticed a torpor snail
  3635 | D:4      | Reached XP level 6. HP: 49/49 MP: 11/11
  4018 | D:4      | Found a shimmering blue altar of Sif Muna.
  4072 | D:5      | Entered Level 5 of the Dungeon
  4091 | D:5      | Reached skill level 6 in Ice Magic
  4274 | D:5      | Learned a level 3 spell: Ozocubu's Armour
  4519 | D:5      | Reached XP level 7. HP: 20/55 MP: 10/13
  4686 | D:5      | Learned a level 4 spell: Throw Icicle
  4704 | D:5      | Reached skill level 7 in Ice Magic
  4719 | D:5      | Noticed Sigmund
  4960 | D:5      | Noticed Pikel
  5029 | D:5      | Killed Sigmund
  5029 | D:5      | Reached skill level 8 in Ice Magic
  5271 | D:5      | Killed Pikel
  5271 | D:5      | Reached skill level 9 in Ice Magic
  5271 | D:5      | Reached XP level 8. HP: 34/62 MP: 9/14
  5584 | D:5      | Found a glowing silver altar of Zin.
  5585 | D:5      | Noticed an angel
  5752 | D:6      | Reached skill level 10 in Ice Magic
  6031 | D:6      | Reached skill level 1 in Maces & Flails
  6312 | D:6      | Reached XP level 9. HP: 17/68 MP: 8/15
  6589 | D:6      | Found a snail-covered altar of Cheibriados.
  6637 | D:6      | Got an encrusted ring mail
  6641 | D:6      | Identified the cursed +0 ring mail of Norojukkig {rElec rC-
                  | Dex+6 Stlth+} (You found it on level 6 of the Dungeon)
  6643 | D:6      | Became a worshipper of Cheibriados the Contemplative
  6700 | D:6      | Gained mutation: You possess an exceptional clarity of
                  | mind. [potion of mutation]
  6700 | D:6      | Gained mutation: You are robust. (+10% HP) [potion of
                  | mutation]
  6700 | D:6      | Gained mutation: You expend magic power (3 MP) to
                  | strengthen your wands. [potion of mutation]
  6701 | D:6      | Lost mutation: You possess an exceptional clarity of mind.
                  | [potion of mutation]
  6701 | D:6      | Gained mutation: You are clumsy. (Dex -2) [potion of
                  | mutation]
  6701 | D:6      | Gained mutation: Your spells are a little harder to cast,
                  | but a little more powerful. [potion of mutation]
  6701 | D:6      | Gained mutation: You have very sharp teeth. [potion of
                  | mutation]
  6907 | D:6      | Found a glowing golden altar of the Shining One.
  6910 | D:6      | Found a snail-covered altar of Cheibriados.
  6913 | D:6      | Found an iron altar of Okawaru.
  7071 | D:7      | Reached skill level 11 in Ice Magic
  7253 | D:7      | Reached * piety under Cheibriados
  7300 | D:7      | Reached skill level 1 in Fighting
  8012 | D:7      | Found a staircase to the Ecumenical Temple.
  8059 | D:7      | Learned a level 4 spell: Summon Ice Beast
  8359 | D:7      | Found Naudybb's Magic Scroll Shoppe.
  8364 | D:7      | Bought a scroll of fog for 26 gold pieces
  8364 | D:7      | Bought a scroll of blinking for 97 gold pieces
  8364 | D:7      | Bought 2 scrolls of teleportation for 78 gold pieces
  8456 | D:8      | Reached skill level 1 in Summonings
  8527 | D:8      | HP: 4/82 [bullfrog zombie (4)]
  8917 | D:8      | Reached ** piety under Cheibriados
  8987 | D:8      | Reached skill level 5 in Maces & Flails
  8993 | D:8      | Noticed a troll
  9143 | D:8      | Reached XP level 10. HP: 64/92 MP: 9/17
  9244 | D:8      | Reached skill level 5 in Spellcasting
  9584 | D:9      | Noticed Joseph
  9592 | D:9      | Found a burning altar of Makhleb.
  9703 | D:9      | Found Poelugh's Magic Scroll Shop.
  9705 | D:9      | Reached *** piety under Cheibriados
  9727 | D:9      | Bought a scroll of blinking for 97 gold pieces
 10039 | D:9      | Killed Joseph
 10345 | D:9      | Found a blossoming altar of Fedhas.
 10359 | D:9      | Found a staircase to the Lair.
 10374 | D:9      | Noticed a two-headed ogre
 10383 | D:9      | Killed a two-headed ogre
 10486 | D:10     | Entered Level 10 of the Dungeon
 10658 | D:10     | Noticed Maurice
 10667 | D:10     | Killed Maurice
 10667 | D:10     | Reached skill level 5 in Summonings
 11010 | D:10     | Reached skill level 1 in Shields
 11447 | D:8      | Reached **** piety under Cheibriados
 11548 | D:9      | Reached XP level 11. HP: 99/99 MP: 20/20
 11563 | Lair:1   | Entered Level 1 of the Lair of Beasts
 11699 | Lair:1   | Found a gate leading to a gauntlet.
 11708 | Gauntlet | Entered a Gauntlet
 11708 | Gauntlet | Found a transporter.
 11708 | Gauntlet | Found a transporter.
 11712 | Gauntlet | Found a transporter.
 11713 | Gauntlet | Found a transporter.
 11721 | Gauntlet | Noticed a tengu warrior
 11722 | Gauntlet | Found a transporter.
 11728 | Gauntlet | Found a transporter.
 11729 | Gauntlet | Noticed a wizard
 11732 | Gauntlet | Found a transporter.
 11732 | Gauntlet | Found a transporter.
 11735 | Gauntlet | Noticed a wizard
 11783 | Gauntlet | Found a transporter.
 11783 | Gauntlet | Noticed a sixfirhy
 11802 | Gauntlet | Noticed a soul eater
 11802 | Gauntlet | Found a transporter.
 11813 | Gauntlet | HP: 4/99 [soul eater/drain life (4)]
 12179 | Gauntlet | Found a transporter.
 12192 | Gauntlet | Noticed a queen ant
 12192 | Gauntlet | Found a transporter.
 12206 | Gauntlet | Killed a queen ant
 12212 | Gauntlet | Reached skill level 5 in Shields
 12579 | Gauntlet | Found a transporter.
 12604 | Gauntlet | Got a fine morningstar
 12608 | Gauntlet | Identified the +9 morningstar "Nacear" {flame, rC+ Dex+4}
                  | (You found it in a Gauntlet)
 12746 | Gauntlet | Noticed a minotaur
 12753 | Gauntlet | Hit by a javelin thrown by a minotaur

Levels and vault maps discovered:
D:1:      dpeg_arrival_rooms_b, layout_loops_ring
D:2:      layout_basic, first_ration, minmay_misc_feat_ornament
D:3:      layout_basic, kennysheep_flooded_box, small_statue_intersection,
          trog_wizard
D:4:      layout_loops_corners, regret_index_temple_of_mockery, hex_large,
          led_sif_pool
D:5:      layout_cave_pools, zin_angel, nrook_uturn, kennysheep_potato,
          uniq_pikel, uniq_sigmund
D:6:      layout_cave_pools, grunt_temple_overflow_diamond, cheibriados_altar_1
D:7:      layout_basic, minmay_temple_entry_tees, serial_shops,
          kennysheep_little_box
D:8:      layout_cave_pools
D:9:      layout_rooms, makhleb_blood_cavern_becter,
          lemuel_coloured_pillars_altar, fedhas_ov_isle_minmay,
          lair_entry_dummy, kennysheep_orc_monster_closet_entryway,
          serial_shops, shop, uniq_joseph
D:10:     dragon1_lemuel, layout_basic, minmay_door_square, uniq_maurice
Lair:1:   layout_long_grid, gauntlet_entry_generic, kennysheep_snail_temple
Gauntlet: gammafunk_gauntlet_branching [gammafunk_gauntlet_arena_split_diamond,
          gammafunk_gauntlet_arena_crates, gammafunk_gauntlet_arena_teeth,
          gammafunk_gauntlet_arena_spirals, nicolae_gauntlet_arena_grate_2,
          nicolae_gauntlet_arena_x, gammafunk_gauntlet_arena_split_x,
          gammafunk_gauntlet_arena_chambers, gauntlet_exit_spiral]

Skill      XL: |  1  2  3  4  5  6  7  8  9 10 11 |
---------------+----------------------------------+-----
Ice Magic      | 4 5 6 9 10 11 | 11.1
Spellcasting   | 3 4 6 |  6.6
Maces & Flails | 1 5 7 |  7.0
Fighting       | 3 |  3.0
Summonings     | 2 5 |  5.5
Shields        | 2 5 |  5.0
Dodging        | |  1.5
Stealth        | |  3.0
Conjurations   | |  1.0

Action                   |  1- 3 |  4- 6 |  7- 9 | 10-12 || total
-------------------------+-------+-------+-------+-------++-------
Melee: Unarmed           |    11 |       |       |       ||    11
       Short sword       |    57 |    18 |       |       ||    75
       Hand axe          |       |   175 |    15 |       ||   190
       Whip              |       |       |   220 |    73 ||   293
       Bite              |       |       |    13 |    16 ||    29
       Mace              |       |       |       |    35 ||    35
Throw: Dart              |     1 |     7 |     9 |     5 ||    22
 Cast: Freeze            |    18 |    15 |    89 |    22 ||   144
       Throw Icicle      |       |       |    15 |    54 ||    69
       Ozocubu's Armour  |       |       |     2 |     2 ||     4
       Summon Ice Beast  |       |       |       |     8 ||     8
 Abil: Spit Poison       |     8 |     5 |    26 |    11 ||    50
Evoke: Wand              |       |       |     3 |    13 ||    16
       Sack of spiders   |       |       |       |     1 ||     1
  Use: Potion            |       |       |     6 |     2 ||     8
       Scroll            |       |       |     9 |     2 ||    11
 Stab: Sleeping          |     5 |     7 |     2 |     2 ||    16
  Eat: Chunk             |     1 |     9 |    12 |     8 ||    30
       Ration            |       |       |     1 |     2 ||     3
Armor: Robe              |    23 |    61 |   123 |    48 ||   255
Dodge: Dodged            |    56 |   127 |   206 |    92 ||   481
Block: Buckler           |       |       |       |     2 ||     2
